 Dungeon Crawl Stone Soup version 0.29.1-15-g9cfb28693d (webtiles) character file.

Game seed: 9687135527839302930

9137 Gumption the Cleaver (level 11, -12/148 HPs)
             Began as a Minotaur Berserker on Mar 22, 2023.
             Was an Elder of Trog.
             Mangled by an orc warrior
             ... wielding a +0 war axe
              (19 damage)
             ... in a bailey.
             The game lasted 01:29:11 (11990 turns).

Gumption the Cleaver (Minotaur Berserker)          Turns: 11990, Time: 01:29:16

Health: -12/148    AC: 16    Str: 24    XL:     11   Next: 19%
Magic:  10/10      EV: 15    Int:  6    God:    Trog [****..]
Gold:   576        SH:  7    Dex: 10    Spells: 10/10 levels left

rFire   . . .      SeeInvis .   a - +1 war axe (elec)
rCold   . . .      Faith    .   g - +1 buckler
rNeg    . . .      Spirit   .   E - +0 plate armour
rPois   .          Reflect  .   (helmet restricted)
rElec   .          Harm     .   (no cloak)
rCorr   .          Rampage  .   (no gloves)
Will    .....                   B - +1 pair of boots
Stlth   ..........              (no amulet)
HPRegen 0.34/turn               i - +4 ring of evasion
MPRegen 0.12/turn               v - +4 ring of evasion

@: berserking, very quick
A: horns 2, retaliatory headbutt
a: Renounce Religion, Berserk, Trog's Hand, Brothers in Arms


You were in a bailey.
You worshipped Trog.
Trog was greatly pleased with you.
You visited 1 branch of the dungeon, and saw 10 of its levels.
You also visited: Ossuary and Bailey.

You collected 576 gold pieces.

Inventory:

Hand Weapons
 a - a +1 war axe of electrocution (weapon)
 b - a +0 sling
 f - a +0 flail of draining
 A - a +0 spear of flaming
 F - a +0 broad axe
Missiles
 w - 2 curare-tipped darts
 y - 4 silver boomerangs (quivered)
 C - 5 silver javelins
Armour
 g - a +1 buckler (worn)
 t - a +0 chain mail
 B - a +1 pair of boots (worn)
 E - a +0 plate armour (worn)
Jewellery
 h - a +6 ring of strength
 i - a +4 ring of evasion (left hand)
 v - a +4 ring of evasion (right hand)
Wands
 q - a wand of charming (4)
 u - a wand of acid (10)
Scrolls
 j - 3 scrolls of enchant armour
 r - a scroll of identify
 z - a scroll of teleportation {unknown}
 G - a scroll of brand weapon
 H - 2 scrolls of summoning {unknown}
 J - a scroll of fear
 K - a scroll of enchant weapon
Potions
 c - 2 potions of might
 d - 4 potions of flight
 e - 15 potions of curing
 k - a potion of resistance
 l - 4 potions of mutation
 m - a potion of haste
 n - 3 potions of magic
 o - 5 potions of heal wounds
 p - a potion of cancellation
 s - a potion of lignification
 x - a potion of invisibility
 D - a potion of berserk rage {unknown}
 I - a potion of experience {unknown}


   Skills:
 + Level 10.1 Fighting
 * Level 13.6 Axes
 + Level 9.8 Armour
 - Level 2.1 Dodging
 + Level 9.3 Shields


You had 10 spell levels left.
You didn't know any spells.
Your spell library was empty.

Dungeon Overview and Level Annotations

Branches:
Dungeon (10/15)            Temple (0/1) D:5            Lair (0/5) D:9
    Orc (0/2) D:10        Ossuary (visited)          Bailey (1/1)

Altars:
Ashenzari
Cheibriados
Elyvilon
Kikubaaqudgha
Okawaru
Ru
Sif Muna
Xom

Shops:
D:2 :   D:5 !   D:9 =


Innate Abilities, Weirdness & Mutations

You have a pair of horns on your head.
You reflexively headbutt those who attack you in melee.


Message History

You headbutt the orc warlord! You block the gnoll's attack.
The orc warrior hits you with a +0 war axe!
Items here: ))) [[[ ††.
You hit the orc warlord but do no damage.
You headbutt the orc warlord.
The orc warlord is lightly wounded.
You closely miss the orc warrior. You barely miss the orc warrior.
You slash the gnoll!
The orc warlord hits you with a +5 broad axe!!
The gnoll barely misses you.
The orc warrior hits you with a +0 war axe!!
The orc warrior hits you with a +0 war axe.
You barely miss the orc warlord.
The orc warlord is lightly wounded.
You slash the orc warrior! You completely miss the orc warrior.
You hit the gnoll but do no damage.
You hit the orc warlord but do no damage.
Lightning courses through the orc warlord!
Your headbutt misses the orc warlord.
The orc warlord is moderately wounded.
You hit the orc warrior. You slash the gnoll!
You kill the gnoll!
Trog accepts your kill.
You hit the orc warrior but do no damage.
The orc warlord hits you with a +5 broad axe!!
The orc warrior hits you with a +0 war axe!
* * * LOW HITPOINT WARNING * * *
You hit the orc warlord. Your headbutt misses the orc warlord.
The orc warlord is moderately wounded.
You hit the orc warrior.
Lightning courses through the orc warrior!
You hit the orc warrior. You closely miss the orc. You slash the orc warlord!
The orc warlord is moderately wounded.
You barely miss the orc warrior. x2; You barely miss the orc.
The orc warlord hits you with a +5 broad axe!!!
* * * LOW HITPOINT WARNING * * *
You block the orc warrior's attack. You block the orc's attack.
The orc warrior hits you with a +0 war axe!!
You die...

...........#...........#
.))........#...........#
#.).......###.......).###
#'#.....###.###.....#)#.###
..###.###.....###.###))...###
....### .......###.........##
.....# .......##8...)......#
.....# ......oo#8..........#
.....# ......o@'.....⌠....∩#
))...# ......)o#8..........#
.)...# .......##8..........#
....### .......###.........##
..###.###.....###.###.....###
#'#.....###.###.....#'#.###
#.).......###.......))###
...).......#...........#
.))).......#...........#


You could see an orc warlord, 2 orc warriors and an orc (strong).

Vanquished Creatures
  3 two-headed ogres
  An orc knight (Bailey)
  A komodo dragon (D:9)
  A kobold demonologist (D:9)
  2 trolls (D:9)
  Prince Ribbit (D:5)
  2 hornets
  A shadow (D:10)
  A wraith (D:10)
  3 yaks (D:10)
  2 steam dragons
  2 water moccasins
  4 ice beasts
  A black bear (D:5)
  9 orc warriors
  5 ogres
  A centaur (D:6)
  A phantom (D:6)
  An elf zombie (Ossuary)
  2 necrophages
  6 bullfrogs
  A scorpion (D:3)
  A gnoll sergeant (D:5)
  8 wights
  2 vampire bats (D:4)
  9 hounds
  6 orc priests
  5 iguanas
  7 orc wizards
  A hound zombie (Ossuary)
  5 mummies
  4 adders
  12 gnolls
  A shadow imp (D:5)
  2 white imps
  2 adder zombies (Ossuary)
  3 worms (D:3)
  A dart slug (D:4)
  30 orcs
  3 bat skeletons (D:4)
  3 bat zombies (D:4)
  5 endoplasms
  4 giant cockroaches
  24 goblins
  12 hobgoblins
  4 jackals
  4 quokkas
  8 ball pythons
  10 bats
  2 frilled lizards
  2 gnoll zombies (Ossuary)
  2 goblin zombies (Ossuary)
  A jackal zombie (Ossuary)
  4 kobolds
  2 kobold zombies (Ossuary)
  An orc zombie (Ossuary)
  4 rats
245 creatures vanquished.

Vanquished Creatures (others)
  2 wights (D:7)
  A white imp (D:7)
  10 plants
13 creatures vanquished.

Grand Total: 258 creatures vanquished

Notes
Turn   | Place    | Note
-------+----------+-------------------------------------------
     0 | D:1      | Gumption the Minotaur Berserker began the quest for the
                  | Orb.
     0 | D:1      | Reached XP level 1. HP: 19/19 MP: 0/0
   412 | D:1      | Reached skill level 4 in Axes
   426 | D:1      | Reached XP level 2. HP: 26/27 MP: 1/1
   831 | D:1      | Found a faded altar of an unknown god.
  1367 | D:2      | Found Byddiplua's Book Shoppe.
  1410 | D:2      | Reached skill level 1 in Shields
  1465 | D:2      | Reached XP level 3. HP: 33/33 MP: 2/2
  2171 | D:3      | Reached ** piety under Trog
  2224 | D:3      | Reached XP level 4. HP: 30/40 MP: 3/3
  2740 | D:3      | Noticed a scorpion
  2750 | D:3      | Killed a scorpion
  2751 | D:3      | Reached skill level 5 in Axes
  2751 | D:3      | Reached XP level 5. HP: 47/47 MP: 4/4
  3083 | D:4      | Found a sand-covered staircase.
  3093 | Ossuary  | Entered an ossuary
  3133 | Ossuary  | Reached skill level 6 in Axes
  3133 | Ossuary  | Reached XP level 6. HP: 9/55 MP: 5/5
  3582 | D:4      | Reached *** piety under Trog
  3656 | D:4      | Reached skill level 5 in Fighting
  3874 | D:4      | Reached XP level 7. HP: 61/61 MP: 6/6
  3916 | D:4      | Found an ancient bone altar of Kikubaaqudgha.
  3928 | D:4      | Reached skill level 7 in Axes
  4250 | D:4      | Found a broken altar of Ashenzari.
  4256 | D:4      | Found a snail-covered altar of Cheibriados.
  4258 | D:4      | Found a sacrificial altar of Ru.
  4260 | D:4      | Found a shimmering blue altar of Sif Muna.
  4450 | D:5      | Entered Level 5 of the Dungeon
  4534 | D:5      | Reached skill level 5 in Armour
  4855 | D:5      | Noticed Prince Ribbit
  4878 | D:5      | Killed Prince Ribbit
  4879 | D:5      | Reached skill level 8 in Axes
  4879 | D:5      | Reached XP level 8. HP: 19/70 MP: 7/7
  5005 | D:5      | Reached skill level 5 in Shields
  5127 | D:5      | Found a staircase to the Ecumenical Temple.
  5208 | D:5      | Found an iron altar of Okawaru.
  5266 | D:5      | Found Wuupuimu's Distillery.
  5444 | D:5      | Reached skill level 9 in Axes
  6378 | D:6      | Reached XP level 9. HP: 60/79 MP: 8/8
  6760 | D:6      | Reached skill level 10 in Axes
  6875 | D:6      | Reached **** piety under Trog
  7538 | D:7      | Reached skill level 11 in Axes
  9923 | D:8      | Reached XP level 10. HP: 86/90 MP: 9/9
 10197 | D:9      | Found Uqacroeq's Jewellery Emporium.
 10363 | D:9      | Noticed a two-headed ogre
 10431 | D:9      | Killed a two-headed ogre
 10646 | D:9      | Noticed a rust devil
 10653 | D:9      | Reached skill level 12 in Axes
 10701 | D:9      | Found a shimmering altar of Xom.
 10842 | D:9      | Found a staircase to the Lair.
 11227 | D:10     | Entered Level 10 of the Dungeon
 11227 | D:10     | Noticed a two-headed ogre
 11233 | D:10     | Killed a two-headed ogre
 11250 | D:10     | Found a white marble altar of Elyvilon.
 11293 | D:10     | Noticed a two-headed ogre
 11304 | D:10     | Killed a two-headed ogre
 11305 | D:10     | Reached skill level 13 in Axes
 11326 | D:10     | Reached XP level 11. HP: 61/99 MP: 10/10
 11330 | D:10     | Found a staircase to the Orcish Mines.
 11432 | D:10     | Found a flagged portal.
 11452 | Bailey   | Entered a bailey
 11529 | Bailey   | Reached skill level 10 in Fighting
 11649 | Bailey   | Noticed an orc knight
 11667 | Bailey   | Killed an orc knight
 11976 | Bailey   | Noticed an orc warlord
 11990 | Bailey   | HP: 7/148 [orc warlord/+5 broad axe (37)]
 11990 | Bailey   | Mangled by an orc warrior

Illustrated notes

Levels and vault maps discovered:
D:1:      lightli_arrival_lavapool, layout_basic,
          shapermc_ecumenical_altar_acropolis
D:2:      wander_river, layout_loops_ring, serial_shops, shop
D:3:      layout_loops_ring, nicolae_wormholes
D:4:      layout_basic, kennysheep_vampire_church, minitemple,
          gup_ossuary_entry_pyramid
D:5:      layout_basic, marbit_many_paths, temple_fountains, serial_shops,
          nicolae_shop_statue_plus, chequers_big_river, minivault_4,
          uniq_prince_ribbit1
D:6:      layout_rooms
D:7:      layout_cave_pools, lemuel_flamethrower_2
D:8:      layout_gridville
D:9:      layout_loops_ring, mainiacjoe_overflow_six_doors_small,
          david_lair_shrubbed, serial_shops, shop, minivault_24
D:10:     layout_long_grid, elyvilon_altar_4, minmay_orc_entry_temple_small,
          enter_bailey_5
Bailey:   bailey_axe_minmay_hex_keep, bailey

Skill      XL: |  1  2  3  4  5  6  7  8  9 10 11 |
---------------+----------------------------------+-----
Axes           | 4 5 6 8 9 11 13 | 13.6
Shields        | 1 2 3 4 6 7 9 |  9.3
Fighting       | 4 5 6 7 8 9 10 | 10.1
Armour         | 3 4 5 6 8 9 |  9.8
Dodging        | |  2.1

Action                   |  1- 3 |  4- 6 |  7- 9 | 10-12 || total
-------------------------+-------+-------+-------+-------++-------
Melee: Hand axe          |    83 |    73 |       |       ||   156
       Headbutt          |    10 |    17 |    50 |    34 ||   111
       War axe           |       |    16 |   246 |   172 ||   434
 Fire: Sling             |       |    14 |    69 |       ||    83
Throw: Boomerang         |       |       |     2 |     5 ||     7
Invok: Berserk           |       |     3 |     3 |     4 ||    10
       Trog's Hand       |       |       |     3 |     4 ||     7
  Use: Scroll            |       |    13 |     3 |     9 ||    25
 Stab: Sleeping          |       |     1 |       |       ||     1
Armor: Animal skin       |    15 |     6 |       |       ||    21
       Chain mail        |       |       |    99 |    27 ||   126
       Plate armour      |       |       |       |     6 ||     6
Dodge: Dodged            |    56 |    64 |   126 |    76 ||   322
Block: Buckler           |    10 |    25 |    80 |    40 ||   155
